Cogmind - Beta 16.1 @@@ ROGUE MODE // 2026.04.17 @ 21:28:14 Player: Elxavo Result: Destroyed by EMP Trap Performance ------------- Evolutions (1) 500 Regions Visited (3) 600 Robots Destroyed (23) 115 Value Destroyed (639) 639 Prototype IDs (0) 0 Alien Tech Used (0) 0 Bonus (0) 0 TOTAL SCORE: 1854 Bonus ------- None Cogmind --------- Core Integrity 0/400 Matter 300/300 Energy 204/250 System Corruption 5% Temperature Cool (2) Movement Walking (190) Ox1 Location -9/Materials Parts ------- > --- POWER (1) -------- Ion Engine > --- PROPULSION (2) --- Aluminum Leg Aluminum Leg > --- UTILITY (4) ------ Large Storage Unit > --- WEAPON (2) ------- Particle Cannon Light Assault Rifle > --- INVENTORY (15) --- Aluminum Leg Aluminum Leg Improved Medium Laser Particle Cannon Advanced EMP Blaster Missile Launcher Mining Claw Peak State ------------ > --- POWER ------------ Light Ion Engine > --- PROPULSION ------- Light Treads Light Treads > --- UTILITY ---------- Heat Sink Large Storage Unit Seismic Detector Light Armor Plating > --- WEAPON ----------- Particle Gun Beam Cannon > --- INVENTORY -------- Ion Engine Light Ion Engine Aluminum Leg Aluminum Leg Aluminum Leg Aluminum Leg High-capacity Matter Pod Light Armor Plating Tractor Beam Beam Cannon Light Cannon Advanced EMP Blaster Missile Launcher Missile Launcher Mining Claw [Rating: 12] Favorites ----------- Power Light Ion Engine Engine Light Ion Engine Propulsion Light Treads Treads Light Treads Leg Aluminum Leg Utility Large Storage Unit Device Seismic Detector Storage Large Storage Unit Protection Light Armor Plating Weapon Beam Cannon Energy Gun Particle Gun Energy Cannon Beam Cannon Ballistic Gun Light Assault Rifle Ballistic Cannon Light Cannon Launcher Missile Launcher Special Weapon Mining Laser Slashing Weapon Mining Claw Build | -11 -10 -10 -9 ------- Run | Yrd Mat Min Mat Slots Evolved 2 | . . . 2 Power . | . . . . Propulsion . | . . . . Utility 2 | . . . 2 Weapon . | . . . . Parts Attached 32 | 8 5 . 19 Power 4 | 1 . . 3 Engine 4 | 1 . . 3 Core . | . . . . Reactor . | . . . . Propulsion 6 | 2 . . 4 Treads 4 | 2 . . 2 Leg 2 | . . . 2 Wheel . | . . . . Hover . | . . . . Flight . | . . . . Utility 10 | 2 2 . 6 Device 3 | 1 . . 2 Storage 4 | 1 2 . 1 Processor . | . . . . Hackware . | . . . . Protection 3 | . . . 3 Artifact . | . . . . Weapon 12 | 3 3 . 6 Energy Gun 3 | 2 1 . . Energy Cannon 3 | . 1 . 2 Ballistic Gun 2 | 1 . . 1 Ballistic Cannon 1 | . . . 1 Launcher 1 | . . . 1 Special Weapon 1 | . 1 . . Impact Weapon . | . . . . Slashing Weapon 1 | . . . 1 Piercing Weapon . | . . . . Special Melee Weapon . | . . . . Unidentified Prototypes . | . . . . Parts Lost 17 | . 1 . 16 Power 3 | . . . 3 Propulsion 2 | . . . 2 Utility 6 | . . . 6 Weapon 6 | . 1 . 5 Highest Loss Streak 11 | . 1 . 11 To Critical Strikes . | . . . . Average Backups 11 | 4 11 15 13 Power 1 | . 1 1 1 Propulsion 3 | 2 2 4 3 Utility 2 | . 4 5 1 Weapon 4 | 1 3 5 6 Tool/Special . | . . . . Unused Backups 9 | . 2 . 7 Power . | . . . . Propulsion 3 | . 1 . 2 Utility 1 | . 1 . . Weapon 5 | . . . 5 Tool/Special . | . . . . Average Slot Usage (%) 96 | . 100 100 91 Engine 11 | . 14 14 9 Treads 23 | . 28 28 18 Leg 1 | . . . 2 Device 13 | . 14 14 13 Storage 13 | . 14 14 13 Protection 5 | . . . 11 Energy Gun 9 | . 9 14 9 Energy Cannon 10 | . 10 14 9 Ballistic Gun 3 | . 6 . . Peak Build Rating 12 | 7 9 9 12 Average Rating 9 | 6 8 9 10 On Entrance 6 | . 7 9 9 Avg Prop Armor Cover (%) . | . . . . Naked Turns . | . . . . Heaviest Build 39 | 11 30 30 39 Greatest Support 40 | 40 40 40 40 Greatest Overweight (x) 10 | . . . 10 Average Overweight (x) . | . . . . Largest Inventory Capacity 15 | 8 15 15 15 Average Capacity 13 | 7 14 15 15 Most Carried 15 | 7 15 15 15 Average Carried 11 | 4 11 15 13 Final Capacity 15 | 8 15 15 15 Final Carried 15 | 7 15 15 7 Class Distribution -------------------- 100% | Mutant Dominant Class ---------------- Mutant | -10/Materials Mutant | -10/Mines Mutant | -9/Materials Resources | -11 -10 -10 -9 ----------- Run | Yrd Mat Min Mat Matter Collected 776 | 275 252 . 249 Remotely . | . . . . Salvage Created 810 | 102 273 . 435 Parts 47 | 11 15 . 21 Haulers Intercepted . | . . . . Recyclers Shooed 1 | 1 . . . Parts Field Recycled . | . . . . Retrieved Matter . | . . . . Parts Self-Destructed . | . . . . Prevented . | . . . . Parts Restored . | . . . . Kills | -11 -10 -10 -9 ------- Run | Yrd Mat Min Mat Combat Hostiles Destroyed 18 | . 6 . 12 Guns 4 | . . . 4 Cannons 10 | . 6 . 4 AOE 3 | . . . 3 Classes Destroyed 6 | 2 1 . 3 Worker 1 | 1 . . . Builder 1 | . . . 1 Tunneler 3 | 3 . . . Swarmer 3 | . . . 3 Grunt 12 | . 6 . 6 Sentry 3 | . . . 3 Best Kill Streak 4 | 2 3 . 4 Combat Bots Only 4 | . 3 . 4 Max Kills in Single Turn 2 | 1 1 . 2 Gunslinging . | . . . . Exploded 2 | . . . 2 Melee . | . . . . Uniques/NPCs Destroyed . | . . . . Combat | -11 -10 -10 -9 -------- Run | Yrd Mat Min Mat Hostile Shots Fired 125 | . 18 . 107 Missed 22 | . 6 . 16 Hits 103 | . 12 . 91 Projectile 103 | . 12 . 91 Critical Strikes 4 | . . . 4 Damage Taken 1909 | . 190 . 1719 Core 469 | . 64 . 405 Absorbed by Shields . | . . . . Redirected to Shielding 50 | . . . 50 Core Remaining (%) 87 | 100 . 74 . Volleys Fired 75 | 11 23 . 41 Largest 2 | 2 2 . 2 Hottest 160 | 60 160 . 125 Shots Fired 133 | 22 44 . 67 Gun 72 | 22 16 . 34 Cannon 53 | . 23 . 30 Launcher 3 | . . . 3 Special 5 | . 5 . . Kinetic 23 | 11 2 . 10 Thermal 94 | 11 29 . 54 Explosive 3 | . . . 3 Electromagnetic 13 | . 13 . . Robot Hit Streak 10 | 6 10 . 8 Robot Miss Streak 6 | 2 3 . 6 Penetration Max . | . . . . Secondary Targets . | . . . . Shots Hit Robots 79 | 15 21 . 43 Core Hits 31 | 5 9 . 17 Critical Kills . | . . . . Critical Parts Destroyed . | . . . . Critical Strikes 2 | . . . 2 Burn 1 | . . . 1 Blast 1 | . . . 1 Melee Attacks 12 | . . . 12 Impact . | . . . . Slashing 12 | . . . 12 Piercing . | . . . . Sneak Attacks 1 | . . . 1 Combat Hostiles . | . . . . Follow-up Attacks . | . . . . Damage Inflicted 1344 | 159 332 . 853 Guns 534 | 159 88 . 287 Cannons 586 | . 244 . 342 Explosions 176 | . . . 176 Melee 48 | . . . 48 Ramming . | . . . . Kinetic 142 | 76 6 . 60 Thermal 912 | 83 260 . 569 Explosive 176 | . . . 176 Electromagnetic 66 | . 66 . . Impact . | . . . . Slashing 48 | . . . 48 Piercing . | . . . . Highest Corruption 5 | . 3 3 5 Average Corruption 3 | . 2 3 3 Corruption Purged . | . . . . Corruption Blocked . | . . . . Effects 19 | . 10 2 7 Message Errors 4 | . . 1 3 Matter Fused 2 | . . . 2 Heat Flow Errors 7 | . 5 1 1 Energy Discharges 2 | . 2 . . Data Loss (minor) 1 | . . . 1 Misfires 2 | . 2 . . Alerts 1 | . 1 . . Overload Shots . | . . . . Overflow Damage 34 | . . . 34 Projectiles . | . . . . Explosions 6 | . . . 6 Melee 28 | . . . 28 Knockbacks . | . . . . Impact . | . . . . Kinetic . | . . . . Secondary . | . . . . Self-Inflicted Damage 73 | . . . 73 Shots 3 | . . . 3 Rammed . | . . . . Targets Rammed . | . . . . Kicked . | . . . . Crushed . | . . . . Highest Temperature 596 | 20 596 242 552 Average Temperature 181 | 13 208 123 181 Received Heat Transfer 582 | . 90 . 492 Effects 30 | . 16 . 14 Shutdowns 4 | . 3 . 1 Energy Bleed 4 | . 1 . 3 Interference 8 | . 5 . 3 Matter Decay 3 | . 2 . 1 Damage (minor) 4 | . 1 . 3 Damage (major) 6 | . 3 . 3 Damage (core) 1 | . 1 . . Siege Activations . | . . . . Martial Activations . | . . . . Shielding Activations . | . . . . Robots Disrupted . | . . . . Combat Hostiles . | . . . . Robots Corrupted . | . . . . Combat Hostiles . | . . . . Parts Fried . | . . . . Impact Corruptions . | . . . . Robots Melted 1 | . . . 1 Combat Hostiles 1 | . . . 1 Parts Melted 4 | . . . 4 Heat Transferred 2062 | 175 555 . 1332 Parts Sabotaged . | . . . . Parts Stolen . | . . . . Parts Stripped . | . . . . Power Chain Reactions . | . . . . Alert | -11 -10 -10 -9 ------- Run | Yrd Mat Min Mat Maximum Alert Level . | . . . . Low Security (%) 100 | 100 100 100 100 Level 1 . | . . . . Level 2 . | . . . . Level 3 . | . . . . Level 4 . | . . . . Level 5 . | . . . . High Security . | . . . . Max Security . | . . . . Peak Influence 159 | 10 130 1 159 Initial 1 | . . 1 . Average 24 | . 26 . 31 Influence Increases 586 | 20 167 . 399 Destroy 0b10 Robot/C 360 | . 120 . 240 Destroy 0b10 Robot/NC 25 | 20 . . 5 Destroy Leader 90 | . 30 . 60 Successful Hack 30 | . 11 . 19 Destroy Structure 21 | . 6 . 15 Lose Combat Pursuer 60 | . . . 60 Influence Decreases 442 | 20 163 4 255 Entered New Map 3 | . . 3 . Time Decay 298 | 20 153 1 124 Lost Part 141 | . 10 . 131 Squads Dispatched 2 | . 1 . 1 Investigation . | . . . . Extermination . | . . . . Reinforcement 2 | . 1 . 1 Assault . | . . . . Garrison . | . . . . Intercept . | . . . . Searches Triggered . | . . . . Construction Impeded . | . . . . Haulers Reinforced . | . . . . Active Scanning Responses . | . . . . Cargo Convoy Interrupts . | . . . . Stealth | -11 -10 -10 -9 --------- Run | Yrd Mat Min Mat Distress Signals 3 | . 2 . 1 Communications Jammed . | . . . . Distress Signals . | . . . . Times Spotted 28 | . 9 . 19 Peak Tracking Total 8 | . 5 . 8 Tactical Retreats 2 | . . . 2 Traps | -11 -10 -10 -9 ------- Run | Yrd Mat Min Mat Traps Triggered 3 | . 2 . 1 Indirectly . | . . . . Trap Hack Attempts . | . . . . Triggered . | . . . . Disarmed . | . . . . Reprogrammed . | . . . . Reused . | . . . . Traps Extracted . | . . . . Installed . | . . . . Triggered . | . . . . Machines | -11 -10 -10 -9 ---------- Run | Yrd Mat Min Mat Machines Disabled . | . . . . Max in Single Turn . | . . . . Machines Repaired . | . . . . Machines Dismantled . | . . . . Machines Sabotaged . | . . . . Overloaded Fab Kills . | . . . . Hacking | -11 -10 -10 -9 --------- Run | Yrd Mat Min Mat Machines Accessed 5 | . 2 . 3 Terminals 5 | . 2 . 3 Fabricators . | . . . . Repair Stations . | . . . . Recycling Units . | . . . . Scanalyzers . | . . . . Garrison Access . | . . . . Total Hacks 12 | . 4 . 8 Successful 7 | . 3 . 4 Failed 5 | . 1 . 4 Catastrophic 3 | . 1 . 2 Database Lockouts . | . . . . Manual 1 | . 1 . . Terminals 12 | . 4 . 8 Fabricators . | . . . . Repair Stations . | . . . . Recycling Units . | . . . . Scanalyzers . | . . . . Garrison Access . | . . . . Terminal Hacks 7 | . 3 . 4 Record 1 | . 1 . . Robot Analysis 1 | . 1 . . Terminal Index 1 | . . . 1 Scanalyzer Index 1 | . . . 1 Locate Traps 1 | . . . 1 Maintenance Status 1 | . . . 1 Zone Layout 1 | . 1 . . Fabricator Hacks . | . . . . Repair Station Hacks . | . . . . Recycling Unit Hacks . | . . . . Scanalyzer . | . . . . Garrison Access Hacks . | . . . . Unauthorized Hacks . | . . . . Terminals . | . . . . Fabricators . | . . . . Repair Stations . | . . . . Recycling Units . | . . . . Scanalyzers . | . . . . Garrison Access . | . . . . Data Cores Recovered . | . . . . Used . | . . . . Hacking Detections 4 | . 2 . 2 Full Trace Events 1 | . . . 1 Feedback Events . | . . . . Feedback Blocked . | . . . . Robot Schematics Acquired . | . . . . Robots Built . | . . . . Authchips . | . . . . Time . | . . . . Total Robot Build Rating . | . . . . Part Schematics Acquired . | . . . . Parts Built . | . . . . Authchips . | . . . . Time . | . . . . Total Part Build Rating . | . . . . Part Studies Acquired . | . . . . Parts Repaired . | . . . . Time . | . . . . Parts Recycled . | . . . . Recycled Matter . | . . . . Retrieved Matter . | . . . . Retrieved Components . | . . . . Parts Scanalyzed . | . . . . Part Schematics Acquired . | . . . . Parts Damaged . | . . . . Bothacking | -11 -10 -10 -9 ------------ Run | Yrd Mat Min Mat Used RIF Installer . | . . . . Robots Hacked . | . . . . Non-combat . | . . . . Combat . | . . . . Robot Hacks Applied . | . . . . Relay Couplers Released . | . . . . Fabnet Peak Effective % . | . . . . Robots Rewired . | . . . . Allies Hacked . | . . . . Hacks Repelled . | . . . . Allies | -11 -10 -10 -9 -------- Run | Yrd Mat Min Mat Total Allies . | . . . . Largest Group . | . . . . Highest-Rated Group . | . . . . Highest-Rated Ally . | . . . . Total Orders . | . . . . Ally Attacks . | . . . . Total Damage . | . . . . Kills . | . . . . Allies Corrupted . | . . . . Allies Melted . | . . . . Intel | -11 -10 -10 -9 ------- Run | Yrd Mat Min Mat Active Infowar (turns) 1558 | 129 962 144 323 Seismic 1558 | 129 962 144 323 Robot Analysis Total 1 | . 1 . . Derelict Logs Recovered . | . . . . Drone Launches . | . . . . Drone Recoveries . | . . . . Exploration | -11 -10 -10 -9 ------------- Run | Yrd Mat Min Mat Turns Passed 2223 | 189 962 144 928 Spaces Moved 714 | 92 366 38 218 Core 13 | 6 . . 7 Treads 670 | 86 366 38 180 Legs 31 | . . . 31 Wheels . | . . . . Hover . | . . . . Flight . | . . . . Fastest Speed 50 | 50 160 160 160 Average Speed 163 | 152 160 160 174 Slowest Speed 550 | 160 160 160 550 Overloaded Moves . | . . . . Propulsion Burnouts . | . . . . Robots Hopped . | . . . . Potential Cave-ins . | . . . . Cave-ins Triggered 2 | . . . 2 Exploration Rate (%) 29 | 5 72 19 22 Regions Visited 3 Branch Regions 1 Pre-discovered Areas . | . . . . Known Exits Taken . | . . . . Unknown Exits Taken 3 | 1 1 1 . Scrap Searched . | . . . . Spaces Dug 9 | . 5 . 4 Terrain Destroyed 19 | . 5 . 14 Melee 4 | . . . 4 Projectile 5 | . 5 . . AOE 10 | . . . 10 Terrain Rammed . | . . . . Walls Destroyed . | . . . . Machines Disabled . | . . . . Actions | -11 -10 -10 -9 --------- Run | Yrd Mat Min Mat Total 1604 | 117 691 121 675 Wait 727 | . 279 84 364 Move 711 | 91 365 37 218 Hop . | . . . . Pick Up 30 | 7 13 . 10 Fast Attach 8 | 7 . . 1 Attach 16 | . 1 . 15 Detach . | . . . . Swap 14 | 1 5 . 8 Drop 11 | . 5 . 6 Fire 75 | 11 23 . 41 Melee 12 | . . . 12 Ram . | . . . . Kick . | . . . . Crush . | . . . . Escape Stasis . | . . . . Rewire . | . . . . Trap . | . . . . Miscellaneous . | . . . . Route ------- -11/Scrapyard -10/Materials (discovered 2 exits: *Mat / [*Min]) -10/Mines -9/Materials (discovered 1 exit: [*Min]) History --------- Turn | Location | Event 70 | -11/Scrapyard | Discovered new exit (range 16) 190 | -11/Scrapyard | Entered Materials 310 | -10/Materials | Build established: Mutant 615 | -10/Materials | Discovered new exit (range 3) 655 | -10/Materials | Discovered new exit (range 15) 1152 | -10/Materials | Entered Mines 1248 | -10/Mines | Discovered new exit (range 9) 1291 | -10/Mines | Met a Derelict bent on vengeance 1296 | -10/Mines | Entered Materials 1296 | -9/Materials | Evolved 2 slots: Utility x2 1909 | -9/Materials | Crushed by falling debris 1983 | -9/Materials | Discovered new exit (range 14) 2076 | -9/Materials | Core integrity fell below 50% 2093 | -9/Materials | Core integrity fell below 20% 2125 | -9/Materials | Lost 11 parts (3p2n1u5w) 2169 | -9/Materials | Crushed by falling debris 2224 | -9/Materials | Destroyed by EMP Trap Last Messages --------------- 02163_ System corrupted: Heat flow error (+104). 02168_ Sneak attack on U-05 Engineer. 02168_ Destroyed Terrain Scanner. 02168_ U-05 Engineer destroyed. 02169_ The unstable cave ceiling collapses. 02169_ Crushed by falling debris. 02169_ Hcp. Matter Pod destroyed. 02169_ System corrupted by crushing effect (+2). 02169_ Terrain Scan Processor crushed. 02169_ U-05 Engineer builds a Wall. 02170_ K-01 Serf collects debris. 02192_ Propulsion Shielding destroyed. 02195_ System corrupted: Matter fused (-8). 02199_ G-34 Mercenary destroyed. 02207_ Acquired Ion Engine. 02211_ Acquired 43 matter. 02213_ Acquired 7 matter. 02224_ 1YL%U9Y#NJ/PO8FC:H8 02224_ Triggered EMP Trap. 02224_ A bubble of electromagnetic force engulfs the area. Map ----- +----------------------------------------------------+ | ??????????????????????? ?# """ #?## ##?? | | ?????????????????????? ?# """ #?# #?? | | ?????????????????????? ?+ #?# T #?? | | ?????????????????????? ?# = #?# #?? | | ?????????????????????? ?# #?## ##?? | | ??????????????????????# ## #??# #??? | | ??????????????????????# #####+###+##### ###? | | ??????????????????????# #???# ### ### #? | | ??????????????????????# #???# ^^ #? | | ??????????????????????# ##### ^^ T #? | | ??????????????????????# ## #% ^^ #? | | ??????????????????????# # ##/####### #? | | ??????????????????????# # #??###+###? | | ??????????????????????# # #??# # | | ??????????????????????# =#==[ #??# # | | ??????????????????????# =/* [ #??# """ # | | ??????????????????????# # = #??# """ # | | ???????????????######## # = #??# """ # | | ???????????????# """ # # == #??# # | | ???????????????# """ =#% # #??######## | | ???????????????# """= + * # #?????????? | | ???????????????# =#[ ##########?????????? | | ???????????????#! # #%= #????????? | | ???????????????# # ## """ #????????? | | ???????????????######## ^ #???"" ?#????????? | | ??????????????????????#^^@#????? ??????????? | | ?????????????????????# #?????????????????? | | ?????????????????????# #?????????????????? | | ?????????????????????# < +?????????????????? | | ?????????????????????#! [ # ????????????????? | | ?????????????????????# # ????????????????? | | ?????????????????????## ##?#???????????????? | | ??????????????????????# #??????????????????? | | ??????????????????????# #??????????????????? | | ??????????????????????# +??????????????????? | | ??????????????????????# ???????????????????? | | ??????????????????????# ???????????????????? | | ??????????????????????# ???????????????????? | | ?????????????????????? ???????????????????? | | ?????????????????????? ???????????????????? | | ??????????????????????? ???????????????????? | | ?????????????????????????????????????????????? | | ?????????????????????????????????????????????? | | ?????????????????????????????????????????????? | | ?????????????????????????????????????????????? | | ?????????????????????????????????????????????? | | ?????????????????????????????????????????????? | | ?????????????????????????????????????????????? | | ?????????????????????????????????????????????? | | | +----------------------------------------------------+ Best States ------------- Heat Dissipation 38 Energy Generation 10 Energy Capacity 250 Matter Stores 339 Matter Capacity 500 Sight Range 16 Terrain Scan Density 10 Armor Coverage 300 Propulsion Shielding 33 Evasion (%) 40 Recoil Reduction 2 Item Schematics ----------------- None Robot Schematics ------------------ None Fabricated ------------ Nothing Repaired ---------- Nothing Studied --------- None Alien Tech Used ----------------- None Achievements -------------- None Challenges ------------ None Game ------ Seed MomentumTargetingObfuscator Manual? 0 Play Time 00:27:31 Cumulative 76.2 hours Start 2026.04.15 @ 19:27:11 End 2026.04.17 @ 21:28:14 Sessions 3 Manual Loads 0 Difficulty Rogue Special Mode None Game No. 97 Rogue 97 Adventurer 0 Explorer 0 Win Type - Total 0 Types 0/0/0/0/0/0/0/0/0/0 Lore% 32 Gallery% 25 Achievement% 19 Wizard Run 0 Options --------- Layout 0 ASCII 0 Keyboard 0 Movement Mouse Keybinds 0 Fullscreen 1 Font 18/SmallcapsGlow Map View 76x50 Zoom Use 0% Tactical HUD 1 Map Filters NONE Filters LOW_CONTRAST(13,24,33) Steam 1 RUN: 5bed89be-181d-490b-ba6d-05524d95cf6a